 Dungeon Crawl Stone Soup version 0.30-a0-234-g97d66968fd (webtiles) character file.

Game seed: 10236158392126231204

58 BlueGoblin the Grave Robber (level 3, 0/24 HPs)
             Began as a Demonspawn Necromancer on Oct 10, 2022.
             Slain by a kobold brigand
             ... wielding a +0 short sword
              (7 damage)
             ... in a sewer.
             The game lasted 00:06:22 (2283 turns).

BlueGoblin the Grave Robber (DsNe)                  Turns: 2283, Time: 00:06:23

Health: 0/24       AC:  2    Str:  8    XL:     3   Next: 76%
Magic:  0/7        EV: 12    Int: 18    God:
Gold:   34         SH:  0    Dex: 13    Spells: 4/8 levels left

rFire   . . .      SeeInvis .    c - +0 dagger
rCold   . . .      Faith    .    (no shield)
rNeg    . . .      Spirit   .    a - +0 robe
rPois   .          Reflect  .    (helmet restricted)
rElec   .          Harm     .    g - scarf {+Inv}
rCorr   .          Rampage  .    (no gloves)
Will    .....                    (no boots)
Stlth   ++........               (no amulet)
HPRegen 0.24/turn                (no ring)
MPRegen 0.10/turn                (no ring)

@: mighty, about to teleport
A: antennae 1, weakness stinger 1
a: Evoke Invisibility


You were in a sewer.
You visited 1 branch of the dungeon, and saw 3 of its levels.
You also visited: Sewer.

You collected 34 gold pieces.

Inventory:

Hand Weapons
 c - a +0 dagger (weapon)
Armour
 a - a +0 robe (worn)
 g - a scarf of invisibility (worn)
Jewellery
 l - a ring of positive energy
Scrolls
 e - a scroll of immolation {unknown}
 j - a scroll of acquirement {unknown}
 m - a scroll of teleportation
Potions
 b - a potion of magic
 h - a potion of degeneration {unknown}
 i - a potion of haste {unknown}
 k - a potion of mutation {unknown}
 n - a potion of resistance {unknown}
 o - a potion of heal wounds {unknown}


   Skills:
 + Level 1.9 Dodging
 - Level 1.7 Stealth
 + Level 3.0 Spellcasting
 + Level 5.2 Necromancy


You had 4 spell levels left.
You knew the following spells:

 Your Spells              Type           Power      Damage    Failure   Level
a - Necrotise             Necr           84%        1d8       1%          1
b - Vampiric Draining     Necr           21%        2d7       5%          3

Your spell library contained the following spells:

 Spells                   Type           Power      Damage    Failure   Level
 Animate Dead             Necr           21%        N/A       19%         4
 Inner Flame              Hex/Fire       2%         N/A       43%         3
 Cause Fear               Hex            1%         N/A       85%         4
 Agony                    Necr           21%        N/A       45%         5
 Discord                  Hex            1%         N/A       100%        8


Dungeon Overview and Level Annotations

Branches:
Dungeon (3/15)              Sewer (1/1)

Altars:

Shops:
D:2 :


Innate Abilities, Weirdness & Mutations

You have a pair of small antennae on your head.
You have a small tail.


Message History

Casting: Necrotise (safe; 1% risk of failure)
Confirm with . or Enter, or press ? or * to list all spells.
The spell is quite dangerous to miscast (5% risk of failure)!
Continue anyway?
Aiming: Vampiric Draining (quite dangerous; 5% risk of failure)
Press: ? - help, Shift-Dir - straight line, f/p - kobold brigand
Aim: a kobold brigand, wielding a +0 short sword and quivering curare-tipped darts (severely wounded)
You draw life force from the kobold brigand.
You feel life coursing into your body.
The kobold brigand hits you with a +0 short sword.
The kobold hits the plant with a +0 whip.
Unknown command.
Unknown command.
Unknown command.
Okay, then.
Unknown command.
As you read the scroll labelled MOUDEF MITIUSE, it crumbles to dust.
You feel strangely unstable.
It was a scroll of teleportation.
The kobold brigand completely misses you.
The kobold hits the plant with a +0 whip.
The kobold brigand hits you with a +0 short sword.
* * * LOW HITPOINT WARNING * * *
Okay, then.
Unknown command.
Okay, then.
Unknown command.
It was a potion of might.
You feel very mighty all of a sudden.
A nearby plant withers and dies.
The kobold brigand completely misses you.
The kobold completely misses you.
The kobold brigand hits you with a +0 short sword.
* * * LOW HITPOINT WARNING * * *
Unknown command.
It was a potion of curing.
You feel better. The kobold brigand closely misses you.
The kobold hits you with a +0 short sword.
The kobold hits you with a +0 whip.
* * * LOW HITPOINT WARNING * * *
The kobold brigand hits you with a +0 short sword!
You die...

#.......~P#~≈
##.....~~~~~≈
#.....~~~#~≈
##....P~P#~≈
#......~#
#......P#
#P..P...#
##.KK~.~#
#.@KK~~#
###KK~~#
##''## !...#
#....# #.!∩.#
#!...# ######


You could see 2 kobold brigands and 4 kobolds.

Vanquished Creatures
  A worm (D:2)
  A dart slug (D:2)
  2 endoplasms
  A giant cockroach (D:1)
  5 hobgoblins
  3 jackals (D:2)
  5 ball pythons
  5 bats
  3 frilled lizards
  6 goblins
  5 kobolds
  8 rats
45 creatures vanquished.

Vanquished Creatures (collateral kills)
  A bat (Sewer)
  An endoplasm (D:2)
  A giant cockroach (Sewer)
  A goblin (D:1)
  3 rats
7 creatures vanquished.

Vanquished Creatures (others)
  3 plants (Sewer)
3 creatures vanquished.

Grand Total: 55 creatures vanquished

Notes
Turn   | Place    | Note
-------+----------+-------------------------------------------
     0 | D:1      | BlueGoblin the Demonspawn Necromancer began the quest for
                  | the Orb.
     0 | D:1      | Reached XP level 1. HP: 13/13 MP: 3/3
   380 | D:1      | Discovered your monstrous ancestry.
   380 | D:1      | Gained mutation: You have a pair of small antennae on your
                  | head. [demonic ancestry]
   380 | D:1      | Reached XP level 2. HP: 19/19 MP: 3/5
  1164 | D:2      | Gained mutation: You have a small tail. [demonic ancestry]
  1164 | D:2      | Reached XP level 3. HP: 24/24 MP: 0/7
  1185 | D:2      | Reached skill level 5 in Necromancy
  1359 | D:2      | Found Gasewur's Book Shoppe.
  1533 | D:2      | Learned a level 3 spell: Vampiric Draining
  2000 | D:3      | Found a glowing drain.
  2014 | Sewer    | Entered a sewer
  2273 | Sewer    | Noticed a kobold brigand
  2273 | Sewer    | Noticed a kobold brigand
  2282 | Sewer    | HP: 1/24 [kobold brigand/+0 short sword (4)]
  2283 | Sewer    | Slain by a kobold brigand

Illustrated notes

Levels and vault maps discovered:
D:1:      dpeg_arrival_ratfight, layout_basic
D:2:      layout_basic, serial_shops, shop, minmay_misc_feat_more_columns
D:3:      layout_basic, lemuel_coloured_pillars_altar,
          dilly_ecumenical_altar_fadedgnrine, cheibrodos_sewer_entry_sluice
Sewer:    kennysheep_pipe_town

Skill      XL: |  1  2  3 |
---------------+----------+-----
Necromancy     | 5 |  5.2
Spellcasting   | 3 |  3.0
Dodging        | |  1.9
Stealth        | |  1.7

Action                   || total
-------------------------++-------
Melee: Dagger            ||     9
       Tailslap          ||     1
 Cast: Necrotise         ||    63
       Vampiric Draining ||     1
  Use: Scroll            ||     3
       Potion            ||     2
Armor: Robe              ||    10
Dodge: Dodged            ||    39

Table legend: (Time is in decaauts)
 A = Elapsed time spent in this place.
 B = Non-inter-level travel time spent in this place.
 C = Inter-level travel time spent in this place.
 D = Time resting spent in this place.
 E = Time spent auto-exploring this place.
 F = Levels seen in this place.
 G = Mean time per level.
                   A        B        C        D        E       F      G
               +--------+--------+--------+--------+--------+-----+--------+
         Total |   2291 |   2111 |    180 |     12 |   1823 |   4 |  572.8 |
       Dungeon |   2015 |   1835 |    180 |     12 |   1607 |   3 |  671.7 |
         Sewer |    276 |    276 |      0 |      0 |    216 |   1 |  276.0 |
               +--------+--------+--------+--------+--------+-----+--------+

Top non-repeatable levels by time:
     D:1: 1151 daAuts
     D:2: 839 daAuts
   Sewer: 276 daAuts
     D:3: 25 daAuts
